 Dungeon Crawl Stone Soup version 0.25-b1-23-ge2ad7d536c (webtiles) character file.

Game seed: 4978482016291993374, levelgen mode: deterministic

1765 AnimalWaves the Cleaver (level 8, 0/64 HPs)
             Began as a Minotaur Berserker on June 3, 2020.
             Was an Elder of Trog.
             Slain by Grinder (8 damage)
             ... on level 6 of the Dungeon.
             The game lasted 00:11:54 (6367 turns).

AnimalWaves the Cleaver (Minotaur Berserker)        Turns: 6367, Time: 00:11:54

Health: 0/64       AC:  6    Str: 23    XL:     8   Next: 79%
Magic:  7/7        EV: 12    Int:  4    God:    Trog [****..]
Gold:   199        SH:  0    Dex: 11    Spells: 7/7 levels left

rFire    + . .     SeeInvis +   a - +0 hand axe
rCold    + + .     Gourm    .   (no shield)
rNeg     . . .     Faith    .   E - +2 leather armour {rC+}
rPois    .         Spirit   .   (helmet restricted)
rElec    .         Reflect  .   r - scarf {rC+ rF+}
rCorr    .         Harm     .   f - +0 pair of gloves
MR       .....     Rnd*Tele +   (no boots)
Stlth    +.........             (no amulet)
HPRegen  0.20/turn              k - ring of see invisible
MPRegen  0.10/turn              w - ring of teleportation (curse)

@: berserk cooldown, slowed, very slow
A: retaliatory headbutt, horns 2
a: Berserk, Trog's Hand, Brothers in Arms, Renounce Religion


You were on level 6 of the Dungeon.
You worshipped Trog.
Trog was greatly pleased with you.
You were very hungry.

You visited 2 branches of the dungeon, and saw 7 of its levels.

You collected 199 gold pieces.

Inventory:

Hand Weapons
 a - a +0 hand axe (weapon)
 b - a +2 hunting sling of flaming
 s - a +0 war axe
Missiles
 p - 4 javelins (quivered)
 y - 57 stones
 G - 3 boomerangs
Armour
 f - a +0 pair of gloves (worn)
 r - a scarf of resistance (worn)
 E - a +2 leather armour of cold resistance (worn)
Jewellery
 h - a +4 ring of protection
 k - a ring of see invisible (left hand)
 w - a cursed ring of teleportation (right hand)
 A - a cursed ring of attention {unknown}
Scrolls
 d - 2 scrolls of remove curse {unknown}
 e - 2 scrolls of immolation {unknown}
 g - a scroll of magic mapping {unknown}
 l - a scroll of fear {unknown}
 n - 11 scrolls of teleportation {unknown}
 o - 3 scrolls of enchant weapon {unknown}
 t - 2 scrolls of noise {unknown}
 u - 2 scrolls of amnesia {unknown}
 x - 3 scrolls of enchant armour {unknown}
 C - a scroll of fog {unknown}
Potions
 j - a potion of heal wounds
 m - 3 potions of curing
 q - 2 potions of haste
 v - a potion of berserk rage
 z - a potion of invisibility
 B - 2 potions of ambrosia {unknown}
 D - a potion of might {unknown}
 F - a potion of flight {unknown}
Comestibles
 c - 9 rations


   Skills:
 - Level 3.6 Fighting
 + Level 13.4 Axes
 - Level 2.4 Armour
 - Level 2.1 Dodging


You had 7 spell levels left.
You didn't know any spells.
Your spell library was empty.

Dungeon Overview and Level Annotations

Branches:
Dungeon (6/15)             Temple (1/1) D:5

Altars:
Ashenzari
Cheibriados
Dithmenos
Elyvilon
Fedhas
Gozag
Hepliaklqana
Kikubaaqudgha
Makhleb
Nemelex Xobeh
Okawaru
Qazlal
Ru
Sif Muna
Trog
Uskayaw
Vehumet
Wu Jian
Xom
Yredelemnul
Zin
The Shining One

Annotations:
D:6 Grinder


Innate Abilities, Weirdness & Mutations

You reflexively headbutt those who attack you in melee.
You have a pair of horns on your head.


Message History

* * * LOW HITPOINT WARNING * * *
You can move again.
A red film seems to cover your vision as you go berserk!
You feel yourself moving faster!
You feel mighty!
You are feeling very hungry.
Grinder blinks!
You feel a strong urge to attack something.
You barely miss Grinder.
Grinder is almost dead.
Grinder blinks!
You are too berserk!
You feel a strong urge to attack something.
You are no longer berserk.
You are exhausted.
You feel yourself slow down. Grinder gestures at you.
Pain shoots through your body!
* * * LOW HITPOINT WARNING * * *
Grinder hits you!
You die...

#######.###########.#.#.
#.......###.........#.÷.
#.########..........####
#.# #..........#... #.#
#.........>.... #.#
#..........#.#. #.#
#.######'#.....
#.########.# #.###.#.
#....§.@.#.######.###.##
########5#..............
.########.###.## +#
#.#..... #.#.#.##
#.#.#..# #.#.#.##
#.#.#... #.###.#.####


You could see Grinder.

Vanquished Creatures
  Sigmund (D:3)
  Edmund (D:5)
  2 ogres
  2 centaurs
  A bullfrog (D:6)
  A water moccasin skeleton (D:6)
  A scorpion (D:2)
  7 crimson imps
  A bullfrog zombie (D:5)
  4 orc priests
  2 orc wizards (D:4)
  A centaur skeleton (D:6)
  3 iguanas
  5 worker ants
  A howler monkey zombie (D:6)
  8 gnolls
  2 howler monkey skeletons
  12 adders
  2 shadow imps
  3 oozes
  2 worms
  A dart slug (D:3)
  6 leopard geckos
  13 orcs
  A ball python (D:2)
  8 bats
  6 giant cockroaches
  7 hobgoblins
  4 jackals (D:5)
  4 quokkas
  A ball python skeleton (D:4)
  2 frilled lizards
  5 goblins
  6 kobolds
  A quokka skeleton (D:4)
  12 rats
139 creatures vanquished.

Notes
Turn   | Place    | Note
-------+----------+-------------------------------------------
     0 | D:1      | AnimalWaves the Minotaur Berserker began the quest for the
                  | Orb.
     0 | D:1      | Reached XP level 1. HP: 19/19 MP: 0/0
   128 | D:1      | Reached skill level 4 in Axes
   311 | D:1      | Reached XP level 2. HP: 26/26 MP: 1/1
   631 | D:1      | Reached skill level 5 in Axes
   899 | D:2      | Reached XP level 3. HP: 30/31 MP: 2/2
   933 | D:2      | Noticed a scorpion
   946 | D:2      | Killed a scorpion
   946 | D:2      | Reached skill level 6 in Axes
   946 | D:2      | Reached XP level 4. HP: 24/39 MP: 3/3
  1239 | D:2      | Reached ** piety under Trog
  1843 | D:2      | Found a basalt altar of Yredelemnul.
  1848 | D:2      | Found a glowing silver altar of Zin.
  1852 | D:2      | Found an iron altar of Okawaru.
  2042 | D:3      | Reached XP level 5. HP: 45/45 MP: 4/4
  2077 | D:3      | Reached skill level 7 in Axes
  2471 | D:3      | Reached skill level 8 in Axes
  2542 | D:3      | Noticed Sigmund
  2561 | D:3      | Killed Sigmund
  2561 | D:3      | Reached skill level 9 in Axes
  2561 | D:3      | Reached XP level 6. HP: 38/51 MP: 5/5
  3002 | D:3      | Reached *** piety under Trog
  3478 | D:4      | Found a blossoming altar of Fedhas.
  3483 | D:4      | Found a stormy altar of Qazlal.
  3491 | D:4      | Reached XP level 7. HP: 57/57 MP: 6/6
  3555 | D:4      | Reached skill level 10 in Axes
  4338 | D:5      | Entered Level 5 of the Dungeon
  4675 | D:5      | Found a staircase to the Ecumenical Temple.
  4683 | D:5      | Reached skill level 11 in Axes
  4684 | D:5      | Reached XP level 8. HP: 53/64 MP: 7/7
  4821 | Temple   | Entered the Ecumenical Temple
  5164 | D:5      | Noticed Edmund
  5185 | D:5      | Killed Edmund
  5242 | D:5      | Reached skill level 12 in Axes
  5944 | D:6      | Reached **** piety under Trog
  5955 | D:6      | Reached skill level 13 in Axes
  6341 | D:6      | Noticed Grinder
  6355 | D:6      | Paralysed by Grinder for 5 turns
  6367 | D:6      | Slain by Grinder

Illustrated notes

Levels and vault maps discovered:
D:1:      sevenhm_arrival_forest_fort_small_3, layout_loops_cross,
          supply_closet_lemuel
D:2:      layout_loops_corners, minmay_overflow_temple_star_quad
D:3:      layout_loops_ring, first_ration, grunt_ministairs_5, uniq_sigmund
D:4:      layout_basic, grunt_temple_overflow_forces_of_nature
D:5:      layout_loops_corners, minmay_temple_entry_sparse_star, uniq_edmund
D:6:      layout_basic, lemuel_flamethrower_1, uniq_grinder
Temple:   minmay_temple_bridge_d

Skill      XL: |  1  2  3  4  5  6  7  8 |
---------------+-------------------------+-----
Axes           | 4 5 6 9 11 13 | 13.4
Fighting       | |  3.6
Armour         | |  2.4
Dodging        | |  2.1

Action                   |  1- 3 |  4- 6 |  7- 9 || total
-------------------------+-------+-------+-------++-------
Melee: Hand axe          |    54 |   143 |   205 ||   402
       Headbutt          |     8 |    25 |    42 ||    75
Invok: Berserk           |       |     3 |     4 ||     7
  Use: Potion            |       |     2 |       ||     2
       Scroll            |       |     4 |     1 ||     5
  Eat: Chunk             |       |     7 |     9 ||    16
       Ration            |       |     1 |     1 ||     2
Armor: Leather armour    |    23 |    49 |    54 ||   126
Dodge: Dodged            |    42 |    93 |    80 ||   215
